 Dungeon Crawl Stone Soup version 0.20.1-1-g8b1a95d (webtiles) character file.

27273 Inarius the Black Sun (level 13, -2/96 HPs)
             Began as a Demonspawn Necromancer on July 7, 2017.
             Was a High Priest of Kikubaaqudgha.
             Slain by a catoblepas (11 damage)
             ... on level 4 of the Lair of Beasts on July 8, 2017.
             The game lasted 01:40:15 (20023 turns).

Inarius the Black Sun (Demonspawn Necromancer)     Turns: 20023, Time: 01:40:16

Health: -2/96      AC: 13    Str: 13    XL:     13   Next: 3%
Magic:  19/26      EV:  2    Int: 27    God:    Kikubaaqudgha [*****.]
Gold:   712        SH:  0    Dex: 12    Spells: 2/31 levels left

rFire    + . .     SeeInvis +   P - +3 war axe (elec)
rCold    + + .     Gourm    .   d - +0 shield
rNeg     + + +     Faith    .   U - +3 chain mail
rPois    ∞         Spirit   .   (helmet restricted)
rElec    .         Reflect  .   L - +0 cloak
rCorr    .         Harm     .   (no gloves)
MR       .....                  (no boots)
Stlth    +.........             (no amulet)
Regen    0.3/turn               p - ring "Budant Iwky" {rF+ Str+3}
MPRegen  0.2/turn               W - ring "Qicwotz" {rN+ Int+7 Dex-2 SInv Stlth+}

@: petrified, very slightly contaminated
A: antennae 2, large bone plates 2, cold resistance 2, nightstalker 1, spiny 2,
evolution 1, MP-powered wands
a: Receive Corpses, Torment, Renounce Religion


You were on level 4 of the Lair of Beasts.
You worshipped Kikubaaqudgha.
Kikubaaqudgha was extremely pleased with you.
You were not hungry.

You visited 3 branches of the dungeon, and saw 16 of its levels.
You also visited: Labyrinth and Sewer.

You collected 855 gold pieces.
You spent 143 gold pieces at shops.

Inventory:

Hand Weapons
 P - a +3 war axe of electrocution (weapon)
Armour
 d - a +0 shield (worn)
 h - a +3 leather armour of cold resistance
 D - the +1 leather armour of the Garden {*Corrode rPois rN++}
   (You took it off an orc wizard on level 5 of the Dungeon)

   It protects you from poison.
   It greatly protects you from negative energy.
   It may corrode you when you take damage.
 L - a +0 cloak (worn)
 U - a +3 chain mail (worn)
Magical Staves
 Y - an uncursed staff of power
Jewellery
 a - an uncursed ring of stealth
 p - the ring "Budant Iwky" (left hand) {rF+ Str+3}
   (You found it in a labyrinth)

   [ring of protection from fire]

   It affects your strength (+3).
   It protects you from fire.
 u - the ring "Rausud" {rElec Dex+4}
   (You found it in a labyrinth)

   [ring of dexterity]

   It affects your dexterity (+4).
   It insulates you from electricity.
 E - an uncursed ring of protection from magic
 N - an uncursed ring of resist corrosion
 Q - an uncursed ring of fire
 W - the ring "Qicwotz" (right hand) {rN+ Int+7 Dex-2 SInv Stlth+}
   (You found it on level 1 of the Lair of Beasts)

   [ring of positive energy]

   It affects your intelligence (+7).
   It affects your dexterity (-2).
   It protects you from negative energy.
   It lets you see invisible.
   It makes you more stealthy.
 X - an uncursed ring of positive energy
Wands
 k - a wand of flame (19/48)
 o - a wand of random effects (48/48)
 r - a wand of polymorph (10/24)
 V - a wand of disintegration (12/24)
Scrolls
 e - a scroll of torment
 l - a scroll of summoning {unknown}
 v - a scroll of brand weapon {unknown}
 y - a scroll of fear
 A - 2 scrolls of enchant armour
 C - 5 scrolls of teleportation
 G - a scroll of remove curse
 H - 2 scrolls of fog
 K - 3 scrolls of amnesia
 O - 3 scrolls of blinking
 R - 2 scrolls of immolation {unknown}
Potions
 g - 3 potions of agility
 i - 5 potions of heal wounds
 m - 6 potions of flight
 n - 4 potions of might
 q - 9 potions of curing
 s - 2 potions of brilliance
 t - a potion of lignification {unknown}
 w - 6 potions of mutation
 x - 2 potions of magic {unknown}
 B - 2 potions of cancellation {unknown}
 Z - a potion of invisibility {unknown}
Books
 J - a book of Air

   Spells                             Type                      Level
   a - Shock                          Conjuration/Air              1
   b - Swiftness                      Charms/Air                   2
   c - Static Discharge               Conjuration/Air              3
   d - Airstrike                      Air                          4
   e - Lightning Bolt                 Conjuration/Air              5
 M - Kikubaaqudgha's Papyrus of Darkness
   (Kikubaaqudgha gifted it to you on level 8 of the Dungeon)

   Spells                             Type                      Level
   a - Animate Skeleton               Necromancy                   1
   b - Corpse Rot                     Necromancy                   2
   c - Sublimation of Blood           Necromancy                   2
   d - Vampiric Draining              Necromancy                   3
   e - Control Undead                 Necromancy                   4
 T - Kikubaaqudgha's Guide on Stolen Souls
   (Kikubaaqudgha gifted it to you on level 10 of the Dungeon)

   Spells                             Type                      Level
   a - Excruciating Wounds            Charms/Necromancy            5
   b - Agony                          Necromancy                   5
   c - Cigotuvi's Embrace             Necromancy                   5
   d - Dispel Undead                  Necromancy                   5
   e - Simulacrum                     Ice/Necromancy               6
Miscellaneous
 j - a box of beasts
 S - a phantom mirror
Comestibles
 b - 3 chunks of flesh
 c - 6 bread rations
 f - 37 fruits
 F - 5 meat rations
 I - 12 royal jellies


   Skills:
 + Level 7.4 Fighting
 + Level 3.9 Axes
 + Level 3.7 Armour
 + Level 4.3 Dodging
 - Level 1.7 Stealth
 - Level 5.0 Shields
 + Level 9.6 Spellcasting
 * Level 4.7 Charms
 * Level 15.1 Necromancy
 * Level 5.1 Evocations


You had 2 spell levels left.
You knew the following spells:

 Your Spells              Type           Power        Failure   Level  Hunger
a - Pain                  Necr           ####         1%          1    None
b - Animate Skeleton      Necr           N/A          1%          1    None
c - Vampiric Draining     Necr           #######...   2%          3    None
d - Regeneration          Chrm/Necr      ######....   24%         3    None
e - Animate Dead          Necr           N/A          9%          4    None
f - Control Undead        Necr           #######...   9%          4    None
g - Dispel Undead         Necr           #######.     26%         5    ####...
h - Agony                 Necr           #######.     26%         5    ####...
i - Ozocubu's Armour      Chrm/Ice       ####....     99%         3    None


Dungeon Overview and Level Annotations

Branches:
Dungeon (11/15)            Temple (1/1) D:7            Lair (4/6) D:9
 Shoals (0/4) Lair:2       Spider (0/4) Lair:4
    Orc: D:9-12

Altars:
Ashenzari
Cheibriados
Dithmenos
Elyvilon
Fedhas
Gozag
Hepliaklqana
Kikubaaqudgha
Makhleb
Nemelex Xobeh
Okawaru
Qazlal
Ru
Sif Muna
Trog
Uskayaw
Vehumet
Xom
Yredelemnul
Zin
The Shining One

Shops:
D:5 !   D:7 [   D:11 =

Annotations:
D:3 exclusion: oklob plant
D:4 ThePrince's ghost, novice MiMo
D:6 2 transporters, ThePrince's ghost, novice TrMo
D:7 1 runed door


Innate Abilities, Weirdness & Mutations

You have a pair of antennae on your head.
You are mostly covered in large bone plates. (SH +6)
You are slightly more attuned to the shadows.
You are mostly covered in sharp spines.
Your flesh is very cold resistant. (rC++)
You evolve.
You expend magic power (3 MP) to strengthen your wands.


Message History

The spiny frog is struck by your spines.
The spiny frog completely misses you.
The catoblepas gores you but does no damage.
You are engulfed in calcifying dust.
The spiny frog stings you!
The catoblepas breathes a plume of calcifying dust at you.
The blast of calcifying dust hits you!
The spiny frog stings you but does no damage.
You are engulfed in calcifying dust.
The catoblepas gores you!!
* * * LOW HITPOINT WARNING * * *
The spiny frog stings you!
* * * LOW HITPOINT WARNING * * *
The spiny frog stings you but does no damage.
The catoblepas is struck by your spines.
The catoblepas gores you!
* * * LOW HITPOINT WARNING * * *
The spiny frog is struck by your spines.
The spiny frog stings you but does no damage.
The catoblepas gores you!!
You die...
Kikubaaqudgha rasps: "You have failed me!
Welcome... oblivion!"

...###.##....## ##..#
##...## ..## ## P..#.#
P...# ##..## .:P#
##..### ##...# #...##
...# #..# #...## ##..P#
..##
####....#####...###
...#####.
.####P#.P..#.##.......#
.........
.......................
.........
....$F.Y...............
#..####P#
#@...####.#....###
#...# #....# #.##..####
#...# ###.Z## #
##..###. P...# #P§..#
#....... P..## ##P..#
####....... #...###
#...####.###...#..
#....P#.
.#....##P[.........
.........
....................
..........
.......(..........##.


You could see a catoblepas, a spiny frog and a friendly wolf skeleton
(petrified).

Vanquished Creatures
  2 hydras
  A queen ant (Lair:2)
  2 two-headed ogres
  Nergalle (Lair:2)
  Pikel (D:8)
  An ugly thing (D:10)
  A manticore (D:11)
  2 merfolk sirens (Lair:2)
  Psyche (D:8)
  3 spiny frogs
  A torpor snail (Lair:3)
  3 komodo dragons
  2 jumping spiders (Lair:4)
  A troll (D:11)
  11 blink frogs
  6 hippogriffs
  5 yaks
  A redback (Lair:4)
  3 wyverns
  A human (D:7)
  3 hogs
  A steam dragon (Lair:3)
  A basilisk (Lair:4)
  10 soldier ants (Lair:2)
  Duvessa (D:5)
  An acid dragon (D:9)
  11 water moccasins
  3 porcupines
  2 slaves (D:8)
  A black bear (D:8)
  7 orc warriors
  A sky beast (D:10)
  3 ice beasts
  6 ogres
  4 phantoms
  12 wolves
  2 centaurs
  5 crocodiles
  18 bullfrogs
  Dowan (D:5)
  2 scorpions
  2 wights (D:9)
  5 howler monkeys
  An electric eel (D:6)
  9 crimson imps
  2 bullfrog zombies
  5 hounds
  9 orc priests
  2 centaur skeletons
  3 jellies
  14 orc wizards
  17 worker ants
  A hound skeleton (D:5)
  A hound zombie (D:10)
  A howler monkey skeleton (D:5)
  4 gnolls (D:3)
  19 adders
  4 river rats (Sewer)
  4 shadow imps
  An ooze (D:1)
  2 adder skeletons
  5 worms
  3 dart slugs
  10 leopard geckos
  71 orcs
  5 ball pythons
  9 giant cockroaches
  9 goblins
  5 hobgoblins
  18 jackals
  22 kobolds
  3 quokkas
  7 bats
  8 frilled lizards
  A quokka skeleton (D:4)
  25 rats
  A plant (Lair:3)
452 creatures vanquished.

Vanquished Creatures (collateral kills)
  A minotaur (Lab)
  A merfolk siren (Lair:2)
  A black mamba (Lair:2)
  3 spiny frogs
  A troll (D:10)
  A merfolk (Lair:2)
  7 blink frogs
  2 hippogriffs
  2 redbacks (Lair:4)
  3 yaks
  A basilisk (Lair:2)
  A hog (D:7)
  A soldier ant (Lair:2)
  A water moccasin (Lair:4)
  A porcupine (Lair:2)
  A phantom (D:9)
  An ogre (D:8)
  A crocodile (Lair:3)
  3 wolves
  A bullfrog (Lair:1)
  2 wights (D:9)
  A centaur zombie (D:10)
  An orc wizard (D:6)
  An iguana (D:10)
  A worker ant (Lair:2)
  An adder (D:2)
  A river rat (Lair:1)
  An ooze (D:1)
  A worm (D:4)
  2 leopard geckos (D:10)
  4 orcs
  A quokka (D:4)
  A quokka zombie (D:5)
  A rat (D:2)
  4 fungi
  4 plants
61 creatures vanquished.

Vanquished Creatures (others)
  5 fungi
  A plant (Lair:3)
6 creatures vanquished.

Grand Total: 519 creatures vanquished

Notes
Turn   | Place    | Note
-------+----------+-------------------------------------------
     0 | D:1      | Inarius the Demonspawn Necromancer began the quest for the Orb.
     0 | D:1      | Reached XP level 1. HP: 13/13 MP: 3/3
    25 | D:1      | Learned a level 1 spell: Animate Skeleton
   275 | D:1      | Gained mutation: You are slightly more attuned to the shadows. [demonic ancestry]
   275 | D:1      | Reached XP level 2. HP: 20/20 MP: 1/5
   823 | D:1      | Reached skill level 1 in Fighting
   922 | D:1      | Reached XP level 3. HP: 16/26 MP: 0/6
  1614 | D:1      | Found a sparkling altar of Nemelex Xobeh.
  1941 | D:2      | Learned a level 3 spell: Vampiric Draining
  1978 | D:2      | Reached skill level 5 in Necromancy
  1978 | D:2      | Gained mutation: You are partially covered in sharp spines. [demonic ancestry]
  1978 | D:2      | Reached XP level 4. HP: 27/32 MP: 2/8
  2478 | D:2      | Reached skill level 1 in Armour
  2528 | D:2      | Found a faded altar of an unknown god.
  2694 | D:2      | Learned a level 3 spell: Regeneration
  3409 | D:3      | Found a blossoming altar of Fedhas.
  3422 | D:3      | Noticed an oklob plant
  3539 | D:3      | Found a glowing drain.
  3542 | D:3      | Gained mutation: You are partially covered in large bone plates. (SH +4) [demonic ancestry]
  3542 | D:3      | Reached XP level 5. HP: 33/38 MP: 9/9
  3549 | Sewer    | Entered a sewer
  3682 | Sewer    | Reached skill level 1 in Shields
  4462 | D:3      | Reached XP level 6. HP: 44/44 MP: 11/11
  4564 | D:3      | Reached skill level 6 in Necromancy
  5086 | D:3      | Learned a level 4 spell: Animate Dead
  5864 | D:4      | Noticed ThePrince's ghost (novice MiMo)
  6136 | D:4      | Gained mutation: You are mostly covered in large bone plates. (SH +6) [demonic ancestry]
  6136 | D:4      | Reached XP level 7. HP: 43/51 MP: 9/13
  6406 | D:5      | Entered Level 5 of the Dungeon
  6423 | D:5      | Found a shattered altar of Ashenzari.
  6450 | D:5      | Found Itaufeu's Distillery.
  6456 | D:5      | Bought a potion of mutation for 104 gold pieces
  6456 | D:5      | Bought a potion of curing for 39 gold pieces
  6830 | D:5      | Noticed Dowan
  6832 | D:5      | Noticed Duvessa
  6862 | D:5      | Killed Duvessa
  6881 | D:5      | Killed Dowan
  6881 | D:5      | Reached skill level 7 in Necromancy
  6994 | D:5      | Reached XP level 8. HP: 48/58 MP: 3/14
  7094 | D:5      | Got an ichor-stained leather armour
  7133 | D:5      | Identified the +1 leather armour of the Garden {*Corrode rPois rN++} (You took it off an orc wizard on level 5 of the Dungeon)
  7155 | D:5      | Found a blossoming altar of Fedhas.
  7247 | D:5      | Learned a level 4 spell: Control Undead
  7331 | D:5      | Reached skill level 5 in Spellcasting
  7710 | D:6      | Noticed ThePrince's ghost (novice TrMo)
  7875 | D:5      | Reached skill level 1 in Charms
  7875 | D:5      | Reached skill level 8 in Necromancy
  7922 | D:6      | Found a transporter.
  7923 | D:6      | Noticed a kobold demonologist
  7941 | D:6      | Reached skill level 1 in Evocations
  8081 | D:6      | Found a transporter.
  8968 | D:7      | Found a staircase to the Ecumenical Temple.
  8982 | Temple   | Entered the Ecumenical Temple
  9020 | Temple   | Became a worshipper of Kikubaaqudgha
  9075 | D:7      | Reached XP level 9. HP: 60/65 MP: 17/17
  9123 | D:7      | Found a glowing silver altar of Zin.
  9127 | D:7      | Noticed an angel
  9128 | D:7      | Found a runed door.
  9463 | D:7      | Found Lyvoywan's Armour Shoppe.
  9782 | D:6      | Reached skill level 9 in Necromancy
 10306 | D:8      | Noticed Psyche
 10321 | D:8      | Killed Psyche
 10321 | D:8      | Reached skill level 10 in Necromancy
 10609 | D:8      | Reached * piety under Kikubaaqudgha
 10609 | D:8      | Identified Kikubaaqudgha's Papyrus of Darkness (Kikubaaqudgha gifted it to you on level 8 of the Dungeon)
 10609 | D:8      | Received a gift from Kikubaaqudgha
 11011 | D:8      | Noticed Pikel
 11172 | D:8      | Reached skill level 5 in Fighting
 11450 | D:8      | Killed Pikel
 11450 | D:8      | Gained mutation: You are mostly covered in sharp spines. [demonic ancestry]
 11450 | D:8      | Reached XP level 10. HP: 54/74 MP: 15/19
 11791 | D:8      | Reached ** piety under Kikubaaqudgha
 12173 | D:9      | Found a staircase to the Lair.
 12256 | D:9      | Reached skill level 11 in Necromancy
 12981 | D:10     | Entered Level 10 of the Dungeon
 13236 | D:10     | Gained mutation: You are weak. (Str -2) [mutagenic meat]
 13237 | D:10     | Gained mutation: You are very weak. (Str -4) [mutagenic meat]
 13238 | D:10     | Gained mutation: You expend magic power (3 MP) to strengthen your wands. [mutagenic meat]
 13239 | D:10     | Gained mutation: You can translocate small distances at will. [mutagenic meat]
 13241 | D:10     | Lost mutation: You expend magic power (3 MP) to strengthen your wands. [potion of mutation]
 13241 | D:10     | Lost mutation: You are very weak. (Str -4) [potion of mutation]
 13241 | D:10     | Lost mutation: You are weak. (Str -2) [potion of mutation]
 13241 | D:10     | Lost mutation: You can translocate small distances at will. [potion of mutation]
 13241 | D:10     | Gained mutation: You tend to lose your temper in combat. [potion of mutation]
 13241 | D:10     | Gained mutation: Scrolls take you a little longer to read. [potion of mutation]
 13241 | D:10     | Gained mutation: Your flesh is cold resistant. (rC+) [potion of mutation]
 13241 | D:10     | Lost mutation: You tend to lose your temper in combat. [potion of mutation]
 13277 | D:10     | Reached *** piety under Kikubaaqudgha
 13277 | D:10     | Identified Kikubaaqudgha's Guide on Stolen Souls (Kikubaaqudgha gifted it to you on level 10 of the Dungeon)
 13277 | D:10     | Received a gift from Kikubaaqudgha
 13293 | D:10     | Learned a level 5 spell: Dispel Undead
 13485 | D:10     | Noticed a two-headed ogre
 13498 | D:10     | Killed a two-headed ogre
 13899 | D:11     | Gained mutation: You have a pair of small antennae on your head. [demonic ancestry]
 13899 | D:11     | Reached XP level 11. HP: 82/82 MP: 22/22
 14075 | D:11     | Noticed a cyan ugly thing
 14109 | D:10     | Killed a cyan ugly thing
 14109 | D:10     | Reached skill level 12 in Necromancy
 14114 | D:10     | Gained mutation: You evolve. [mutagenic meat]
 14278 | D:10     | Gained mutation: You expend magic power (3 MP) to strengthen your wands. [mutagenic meat]
 14279 | D:10     | Gained mutation: Your flesh is very cold resistant. (rC++) [mutagenic meat]
 14430 | D:11     | Found Cedug's Jewellery Emporium.
 14441 | D:11     | Noticed a two-headed ogre
 14451 | D:11     | Killed a two-headed ogre
 14968 | Lair:1   | Entered Level 1 of the Lair of Beasts
 15218 | Lair:1   | Lost mutation: Scrolls take you a little longer to read. [evolution]
 15512 | Lair:1   | Got an ancient pewter ring
 15514 | Lair:1   | Identified the ring "Qicwotz" {rN+ Int+7 Dex-2 SInv Stlth+} (You found it on level 1 of the Lair of Beasts)
 15535 | Lair:1   | Reached skill level 1 in Axes
 15963 | Lair:2   | Noticed Nergalle
 15984 | Lair:2   | Killed Nergalle
 15984 | Lair:2   | Reached skill level 13 in Necromancy
 16373 | Lair:2   | Reached skill level 5 in Shields
 16460 | Lair:2   | Noticed a six-headed hydra
 16468 | Lair:2   | Learned a level 5 spell: Agony
 16474 | Lair:2   | Killed a six-headed hydra
 16482 | Lair:2   | Reached **** piety under Kikubaaqudgha
 16713 | Lair:2   | Noticed a queen ant
 16720 | Lair:2   | Killed a queen ant
 16720 | Lair:2   | Gained mutation: You have a pair of antennae on your head. [demonic ancestry]
 16720 | Lair:2   | Reached XP level 12. HP: 75/89 MP: 1/24
 17066 | Lair:2   | Reached skill level 14 in Necromancy
 17072 | Lair:2   | Reached skill level 5 in Evocations
 17076 | Lair:2   | Found a staircase to the Shoals.
 17401 | Lair:3   | Learned a level 3 spell: Ozocubu's Armour
 17437 | Lair:3   | Found a labyrinth entrance.
 17492 | Lab      | Entered a labyrinth
 17992 | Lab      | Noticed a minotaur
 18002 | Lab      | Killed a minotaur
 18016 | Lab      | Got a fine platinum ring
 18022 | Lab      | Identified the ring "Rausud" {rElec Dex+4} (You found it in a labyrinth)
 18028 | Lab      | Got a vibrating lead ring
 18030 | Lab      | Identified the ring "Budant Iwky" {rF+ Str+3} (You found it in a labyrinth)
 19555 | Lair:4   | Noticed a six-headed hydra
 19561 | Lair:4   | Killed a seven-headed hydra
 19561 | Lair:4   | Reached skill level 15 in Necromancy
 19601 | Lair:4   | Reached ***** piety under Kikubaaqudgha
 19738 | Lair:4   | Reached XP level 13. HP: 90/96 MP: 22/26
 19841 | Lair:4   | Found a hole to the Spider Nest.
 20023 | Lair:4   | Slain by a catoblepas

Skill      XL: |  1  2  3  4  5  6  7  8  9 10 11 12 |
---------------+-------------------------------------+-----
Fighting       | 1 2 3 4 5 6 7 |  7.4
Necromancy     | 5 6 7 8 10 11 13 15 | 15.1
Armour         | 1 2 3 |  3.7
Spellcasting   | 3 4 5 6 7 8 9 |  9.6
Shields        | 1 2 3 4 5 |  5.0
Dodging        | 2 3 4 |  4.3
Charms         | 1 2 3 4 |  4.7
Evocations     | 2 3 4 5 |  5.1
Axes           | 1 3 |  3.9
Stealth        | |  1.7

Action                   |  1- 3 |  4- 6 |  7- 9 | 10-12 | 13-15 || total
-------------------------+-------+-------+-------+-------+-------++-------
Melee: Unarmed           |    33 |       |       |       |       ||    33
       Short sword       |    21 |    76 |   297 |       |       ||   394
       Rapier            |       |    64 |       |       |       ||    64
       Dagger            |       |       |    60 |       |       ||    60
       War axe           |       |       |     9 |   449 |     9 ||   467
 Cast: Pain              |    64 |    88 |    30 |    59 |       ||   241
       Animate Skeleton  |    12 |    36 |    36 |    47 |     1 ||   132
       Vampiric Draining |       |     8 |    43 |   115 |     1 ||   167
       Regeneration      |       |     3 |     5 |    24 |       ||    32
       Animate Dead      |       |     2 |     3 |    40 |     1 ||    46
       Control Undead    |       |       |     5 |     1 |       ||     6
       Agony             |       |       |       |     7 |     3 ||    10
       Ozocubu's Armour  |       |       |       |     3 |       ||     3
Invok: Receive Corpses   |       |       |       |     4 |       ||     4
Evoke: Wand              |       |       |       |     2 |       ||     2
  Use: Scroll            |     1 |     5 |     5 |    13 |     2 ||    26
       Potion            |       |     2 |     1 |     3 |     1 ||     7
 Stab: Sleeping          |     1 |    12 |     9 |    23 |       ||    45
       Distracted        |       |     2 |     3 |     6 |       ||    11
       Confused          |       |       |     1 |       |       ||     1
       Paralysed         |       |       |     1 |       |       ||     1
  Eat: Chunk             |     4 |    14 |    18 |    29 |     1 ||    66
       Bread ration      |       |       |     1 |     3 |       ||     4
Armor: Robe              |     1 |       |       |       |       ||     1
       Ring mail         |    28 |    61 |    38 |       |       ||   127
       Leather armour    |       |       |    51 |    57 |       ||   108
       Chain mail        |       |       |       |    48 |    15 ||    63
Dodge: Dodged            |    37 |    87 |   112 |   157 |     3 ||   396
Block: Other             |       |    23 |    80 |       |       ||   103
       Shield            |       |       |    42 |   482 |     9 ||   533
